 Dungeon Crawl Stone Soup version 0.25.0-33-gff14898491 (webtiles) character file.

Game seed: 4957825784027592205

336 MisterFreud the Chiller (level 6, -3/47 HPs)
             Began as a Demonspawn Ice Elementalist on July 7, 2020.
             Slain by an ogre
             ... wielding a +0 giant club
              (22 damage)
             ... on level 4 of the Dungeon.
             The game lasted 00:05:18 (4322 turns).

MisterFreud the Chiller (DsIE)                      Turns: 4322, Time: 00:05:19

Health: -3/47      AC:  7    Str:  8    XL:     6   Next: 28%
Magic:  8/10       EV: 12    Int: 19    God:
Gold:   142        SH:  0    Dex: 13    Spells: 7/11 levels left

rFire    . . .     SeeInvis .   t - +0 dagger (venom)
rCold    . . .     Gourm    .   (no shield)
rNeg     . . .     Faith    .   a - +0 robe
rPois    .         Spirit   .   o - +0 helmet
rElec    .         Reflect  .   u - +0 cloak
rCorr    .         Harm     .   (no gloves)
MR       .....                  (no boots)
Stlth    ++........             (no amulet)
HPRegen  0.15/turn              (no ring)
MPRegen  0.12/turn              (no ring)

@: no status effects
A: talons 2, yellow scales 2
a: no special abilities


You were on level 4 of the Dungeon.
You were hungry.

You visited 1 branch of the dungeon, and saw 4 of its levels.

You collected 142 gold pieces.

Inventory:

Hand Weapons
 t - a +0 dagger of venom (weapon)
Missiles
 j - 32 poisoned darts (quivered)
Armour
 a - a +0 robe (worn)
 o - a +0 helmet (worn)
 u - a +0 cloak (worn)
Wands
 e - a wand of flame (15)
Scrolls
 b - 4 scrolls of remove curse {unknown}
 h - 2 scrolls of enchant weapon {unknown}
 l - a scroll of immolation {unknown}
 m - a scroll of teleportation {unknown}
 q - 2 scrolls of identify {unknown}
 r - a scroll of blinking {unknown}
 v - a scroll of fear {unknown}
Potions
 d - 2 potions of heal wounds {unknown}
 f - 2 potions of degeneration {unknown}
 g - a potion of haste {unknown}
 i - a potion of might {unknown}
 k - a potion of ambrosia {unknown}
 n - a potion of flight {unknown}
 p - a potion of curing
 s - a potion of lignification {unknown}
Comestibles
 c - 9 rations


   Skills:
 - Level 3.0 Fighting
 - Level 1.7 Dodging
 - Level 1.7 Stealth
 + Level 2.7 Unarmed Combat
 - Level 3.0 Spellcasting
 - Level 5.0 Ice Magic


You had 7 spell levels left.
You knew the following spells:

 Your Spells              Type           Power        Failure   Level  Hunger
a - Freeze                Ice            ###.         1%          1    None
b - Frozen Ramparts       Ice            ###...       6%          3    ###....

Your spell library contained the following spells:

 Spells                   Type           Power        Failure   Level  Hunger
 Ozocubu's Armour         Chrm/Ice       ##......     16%         3    ###....
 Hailstorm                Conj/Ice       ##......     47%         4    ####...
 Summon Ice Beast         Ice/Summ       ##......     47%         4    ####...


Dungeon Overview and Level Annotations

Branches:
Dungeon (4/15)
 Temple: D:4-7

Altars:
Elyvilon
Okawaru
The Shining One


Innate Abilities, Weirdness & Mutations

You have razor-sharp toenails.
You are mostly covered in yellow scales. (AC +3)


Message History

You see here 16 bolts.
There is a stone staircase leading down here.
v - a scroll labeled OSIDGH FIFUNOME An ogre comes into view.
It is wielding a +0 giant club.
The ogre shouts!
Casting: Frozen Ramparts (dangerous; 6% risk of failure)
Confirm with . or Enter, or press ? or * to list all spells.
The walls around you are covered in ice.
The wall freezes the ogre.
The wall freezes the ogre.
The wall freezes the ogre. x2
The ogre hits you with a +0 giant club!!
Ouch! That really hurt!
You hit the ogre but do no damage.
The ogre is poisoned.
The ogre is heavily wounded.
The wall freezes the ogre.
The wall freezes the ogre.
The frozen ramparts melt away.
The ogre hits you with a +0 giant club!!
You die...

......##.##.#####
......##.........
.#
......##.(.......
.#
......###.........
.# .....##
#.#+###### .#
.....# #...# .#
###### ##..# .#
#..###########.#
##>....@O......#
###############


You could see an ogre (very poisoned).

Vanquished Creatures
  An ogre (D:2)
  A scorpion (D:4)
  Crazy Yiuf (D:3)
  An orc priest (D:3)
  Terence (D:3)
  A gnoll (D:3)
  4 adders
  2 worms (D:2)
  A dart slug (D:2)
  2 leopard geckos
  6 orcs (D:3)
  7 bats
  2 giant cockroaches
  6 goblins
  8 hobgoblins
  A quokka (D:2)
  2 ball pythons
  5 frilled lizards
  9 kobolds
  10 rats
71 creatures vanquished.

Notes
Turn   | Place    | Note
-------+----------+-------------------------------------------
     0 | D:1      | MisterFreud the Demonspawn Ice Elementalist began the quest
                  | for the Orb.
     0 | D:1      | Reached XP level 1. HP: 13/13 MP: 3/3
   172 | D:1      | Reached skill level 1 in Fighting
   643 | D:1      | Gained mutation: You have sharp toenails. [demonic
                  | ancestry]
   643 | D:1      | Reached XP level 2. HP: 22/22 MP: 1/5
  1874 | D:2      | Found a white marble altar of Elyvilon.
  1932 | D:2      | Gained mutation: You have razor-sharp toenails. [demonic
                  | ancestry]
  1932 | D:2      | Reached XP level 3. HP: 23/28 MP: 3/6
  1937 | D:2      | Learned a level 3 spell: Frozen Ramparts
  1998 | D:2      | Noticed an ogre
  2012 | D:2      | Killed an ogre
  2012 | D:2      | Reached skill level 4 in Ice Magic
  2012 | D:2      | Gained mutation: You are partially covered in yellow
                  | scales. (AC +2) [demonic ancestry]
  2012 | D:2      | Reached XP level 4. HP: 35/35 MP: 1/8
  2292 | D:2      | Gained mutation: You are mostly covered in yellow scales.
                  | (AC +3) [demonic ancestry]
  2292 | D:2      | Reached XP level 5. HP: 40/41 MP: 5/9
  2783 | D:3      | Noticed Terence
  2790 | D:3      | Killed Terence
  3054 | D:3      | Found a glowing golden altar of the Shining One.
  3233 | D:3      | Reached skill level 5 in Ice Magic
  3302 | D:3      | Reached skill level 1 in Unarmed Combat
  3756 | D:3      | Found a runed translucent door.
  3757 | D:3      | Noticed Crazy Yiuf
  3785 | D:3      | Killed Crazy Yiuf
  3785 | D:3      | Reached XP level 6. HP: 47/47 MP: 6/10
  3990 | D:3      | Found an iron altar of Okawaru.
  4322 | D:4      | Slain by an ogre

Illustrated notes

Levels and vault maps discovered:
D:1:      dpeg_arrival_renting, layout_basic, serial_co_window_serial,
          co_window_of_opportunity_a, co_window_of_opportunity_a,
          co_window_paths_b, co_window_paths_a, co_window_paths_b,
          co_window_cross_1, co_window_2corner, co_window_broadway_c,
          co_window_corner_cb, co_window_paths_d, co_window_4corner_b,
          hangedman_feature_mirror
D:2:      layout_rooms, elyvilon_altar_1
D:3:      layout_loops_corners, okawaru_altar_gauntlet_db, marbit_many_paths,
          first_ration, uniq_terence, uniq_crazy_yiuf_cottage
D:4:      layout_basic, serial_shops, shop, grunt_gozag_statues

Skill      XL: |  1  2  3  4  5  6 |
---------------+-------------------+-----
Fighting       | 1 2 3 |  3.0
Ice Magic      | 4 5 |  5.0
Spellcasting   | 3 |  3.0
Unarmed Combat | 1 2 |  2.7
Dodging        | |  1.7
Stealth        | |  1.7

Action                   |  1- 3 |  4- 6 || total
-------------------------+-------+-------++-------
Melee: Unarmed           |     7 |       ||     7
       Club              |     4 |    15 ||    19
       Kick              |     1 |     7 ||     8
       Dagger            |       |    34 ||    34
 Cast: Freeze            |    34 |    11 ||    45
       Frozen Ramparts   |     1 |    18 ||    19
 Stab: Sleeping          |     2 |     6 ||     8
  Eat: Chunk             |     4 |     8 ||    12
Armor: Robe              |     4 |    16 ||    20
Dodge: Dodged            |    19 |    47 ||    66
